 Dungeon Crawl Stone Soup version bcrawl-1.12-8-g964540c432 (webtiles) character file.

Game seed: 10590336806409364084

47851 MisterOstroum the Fighter (level 14, 0/118 HPs)
             Began as a Demonspawn Chaos Knight on June 9, 2019.
             Was a Plaything of Xom.
             Slain by an alligator (12 damage)
             ... on level 6 of the Lair of Beasts.
             The game lasted 02:37:04 (25994 turns).

MisterOstroum the Fighter (DsCK)                   Turns: 25994, Time: 02:37:05

Health: 0/118      AC: 31    Str: 19    XL:     14   Next: 10%
Magic:  30/30      EV: 13    Int: 17    God:    Xom [.*....]
Gold:   2941       SH:  0    Dex: 19    Spells: 13/13 levels left

rFire    + . .     SeeInvis .   E - +2 trident (chaos)
rCold    + . .     Gourm    .   (no shield)
rNeg     . . .     Faith    .   i - +7 chain mail of the Catfish {MP+9 Str+2 Int+4}
rPois    .         Spirit   .   (helmet restricted)
rElec    .         Reflect  .   z - +0 cloak
rCorr    .         Harm     .   m - +0 pair of gloves
MR       +....                  b - +0 pair of boots
Stlth    +++.......             (no amulet)
HPRegen  0.29/turn              q - +5 ring of protection
MPRegen  0.22/turn              P - +4 ring of protection

@: agile, lethally poisoned (0 -> -3), cleaving, hasted, very quick
A: horns 2, talons 2, molten scales 2, camouflage 1, blink, cold resistance 1,
deformed body, deterioration 1, fire resistance 1, nightstalker 2, powered by
pain 2, shaggy fur 1
a: Blink, Renounce Religion


You were on level 6 of the Lair of Beasts.
You worshipped Xom.
You were a plaything of Xom.
You were not hungry.

You visited 2 branches of the dungeon, and saw 16 of its levels.
You also visited: Bailey.

You collected 2941 gold pieces.

Inventory:

Hand Weapons
 d - a +4 spear of piercing
 f - a +4 scimitar of freezing
 t - a +0 glaive
 E - a +2 trident of chaos (weapon)
 I - a +2 falchion of freezing
Missiles
 k - 2378 stones
 r - 2 poisoned tomahawks
 s - 19 javelins
 w - 57 tomahawks
 K - 2 throwing nets (quivered) {!f!f}
Armour
 b - a +0 pair of boots (worn)
 i - the +7 chain mail of the Catfish (worn) {MP+9 Str+2 Int+4}
   (You found it on level 1 of the Lair of Beasts)

   It affects your strength (+2).
   It affects your intelligence (+4).
   It affects your magic capacity (+9).
 m - a +0 pair of gloves (worn)
 z - a +0 cloak (worn)
 M - a +0 crystal plate armour
Jewellery
 q - a +5 ring of protection (left hand)
 P - a +4 ring of protection (right hand)
Wands
 c - a wand of random effects (5)
 l - a wand of digging (13)
 n - a wand of scattershot (7)
 G - a wand of enslavement (4)
 J - a wand of flame (27)
 Q - a wand of polymorph (11)
Scrolls
 a - a scroll of identify {@r1}
 h - 12 scrolls of remove curse {@r2}
 j - a scroll of summoning
 p - 4 scrolls of teleportation {@r3 !r}
 y - 6 scrolls of amnesia
 C - 2 scrolls of immolation
 D - 4 scrolls of fog {!r}
 H - 6 scrolls of magic mapping {@r5 !r}
 O - 2 scrolls of fear {!r}
 R - a scroll of silence {unknown}
Potions
 g - 3 potions of lignification
 u - 4 potions of invisibility
 v - a potion of cancellation
 A - 3 potions of haste {@q4 !q}
 B - 2 potions of resistance
Miscellaneous
 o - a phial of floods (inert)
Comestibles
 e - 32 rations {!d}
 x - 7 chunks of flesh


   Skills:
 * Level 13.2 Fighting
 * Level 13.1 Polearms
 + Level 8.3 Throwing
 + Level 8.6 Armour
 - Level 0.8 Dodging
 + Level 9.4 Evocations


You had 13 spell levels left.
You didn't know any spells.
Your spell library contained the following spells:

 Spells                   Type           Power        Failure   Level  Hunger
 Beastly Appendage        Tmut           #.....       89%         1    ##.....
 Corona                   Hex            #......      89%         1    ##.....
 Magic Dart               Conj           #...         89%         1    ##.....
 Slow                     Hex            #.......     89%         1    ##.....
 Sting                    Conj/Pois      #...         89%         1    ##.....
 Blink                    Tloc           N/A          96%         2    ###....
 Call Imp                 Summ           #.......     96%         2    ###....
 Poisonous Vapours        Pois/Air       #.....       96%         2    ###....
 Searing Ray              Conj           #.....       96%         2    ###....
 Shackle                  Hex            #.......     96%         2    ###....
 Sticks to Snakes         Tmut           #.......     96%         2    ###....
 Sublimation of Blood     Necr           #.........   96%         2    ###....
 Conjure Flame            Conj/Fire      #.......     99%         3    ####...
 False Image              Hex/Summ       #.......     99%         3    ####...
 Ignite Poison            Fire/Tmut/Pois #.......     99%         3    ####...
 Inner Flame              Hex/Fire       N/A          99%         3    ####...
 Iskenderun's Mystic Bla  Conj           #.......     99%         3    ####...
 Mephitic Cloud           Conj/Pois/Air  #.......     99%         3    ####...
 Spider Form              Tmut/Pois      #.........   99%         3    ####...
 Cause Fear               Hex            #.........   100%        4    #####..
 Fulminant Prism          Conj/Hex       #.........   100%        4    #####..
 Ice Form                 Ice/Tmut       #.......     100%        4    #####..
 Olgreb's Toxic Radiance  Pois           #.......     100%        4    #####..
 Petrify                  Tmut/Erth      #.......     100%        4    #####..
 Summon Scorpions         Summ/Pois      #.......     100%        4    #####..
 Throw Icicle             Conj/Ice       #.......     100%        4    #####..
 Yara's Violent Unravell  Hex/Tmut       #.........   100%        4    #####..
 Alistair's Intoxication  Tmut/Pois      #.......     100%        5    ######.
 Blade Hands              Tmut           #.........   100%        5    ######.
 Bolt of Magma            Conj/Fire/Erth #.........   100%        5    ######.
 Irradiate                Conj/Tmut      #.........   100%        5    ######.
 Venom Bolt               Conj/Pois      #.........   100%        5    ######.
 Ozocubu's Refrigeration  Ice            #.........   100%        6    #######
 Poison Arrow             Conj/Pois      #.........   100%        6    #######


Dungeon Overview and Level Annotations

Branches:
Dungeon (10/12)            Temple (0/1) D:7            Lair (6/6) D:7
 Shoals (0/3) Lair:2       Spider (0/3) Lair:2        Slime (0/5) Lair:5
    Orc: D:8-11

Altars:
Fedhas
Hepliaklqana
Kikubaaqudgha
Lugonu
Makhleb
Ru
Vehumet
Wu Jian
Xom
Yredelemnul
Zin
Jiyva

Annotations:
D:7 Joseph
D:10 exclusion: door
Lair:5 exclusion: 2 oklob plants


Innate Abilities, Weirdness & Mutations

You have a pair of horns on your head.
You are mostly covered in molten scales. (AC +3)
You are significantly more attuned to the shadows.
You sometimes gain power by taking damage.
You have razor-sharp toenails.
Your skin changes colour to match your surroundings (Stealth+).
You can translocate small distances at will.
Your flesh is cold resistant. (rC+)
Armour fits poorly on your strangely shaped body.
Your body sometimes deteriorates upon taking damage.
Your flesh is heat resistant. (rF+)
You are covered in fur. (AC +1)


Message History

The queen bee is heavily wounded.
You hit the dream sheep. You burn the dream sheep. The queen bee stings you!
You are poisoned.
The queen bee poisons you! The catoblepas gores your quasit!
Your quasit dies!
The dream sheep bites you but does no damage.
The catoblepas bellows!
You hit the queen bee but do no damage. You headbutt the queen bee!
The queen bee is almost dead.
You hit the dream sheep.
You kill the dream sheep!
You feel sick.
The queen bee stings you but does no damage.
The catoblepas breathes a plume of calcifying dust at you.
The blast of calcifying dust hits you!
You feel sick.
You are now a beloved toy of Xom.
The dream sheep is no longer petrified.
The queen bee misses you.
You puncture the queen bee!
You kill the queen bee!
You hit the catoblepas.
Lightning courses through the catoblepas!
You kill the catoblepas!
You hit the dream sheep but do no damage.
The dream sheep glows brilliant scarlet for a moment.
An alligator comes into view.
You puncture the dream sheep! You freeze the dream sheep.
You kill the dream sheep!
You feel sick.
You feel sick.
Throwing (i - inventory. (/) - cycle)
K - 3 throwing nets (quivered)
{!f!f}
Press: ? - help, Shift-Dir - straight line, f - alligator
Aim: an alligator Really fire
K - 3 throwing nets {!f!f}?
You throw a throwing net {!f!f}.
The throwing net {!f!f} hits the alligator.
The alligator is caught in the net!
You feel sick.
You feel sick.
The alligator puts on a burst of speed!
The alligator struggles against the net.
You are too injured to fight recklessly!
Attack whom?
Press: ? - help, Dir - move target cursor, f/p - alligator
Aim: an alligator (entangled in a net, covering ground quickly)
You reach to attack!
You puncture the alligator!
The alligator is lightly wounded.
You feel sick. "This might be better!"
The alligator evaporates and reforms as a spark wasp!
You are now a plaything of Xom.
Attack whom?
Press: ? - help, Dir - move target cursor, f/p - alligator
Aim: an alligator (lightly wounded, entangled in a web, covering ground quickly)
Okay, then.
Attack whom?
Press: ? - help, Dir - move target cursor, f - spark wasp, p - alligator
Aim: a spark wasp
Okay, then.
Attack whom?
Press: ? - help, Dir - move target cursor, f - spark wasp, p - alligator
Aim: a spark wasp
Okay, then.
Attack whom?
Press: ? - help, Dir - move target cursor, f - spark wasp, p - alligator
Aim: a spark wasp You reach to attack!
You puncture the spark wasp!
The spark wasp seems to speed up.
Xom is highly amused!
The spark wasp is lightly wounded.
The spark wasp stings you but does no damage.
You closely miss the spark wasp. You headbutt the spark wasp!
The spark wasp is moderately wounded.
You feel sick. The spark wasp closely misses you.
You hit the spark wasp. You freeze the spark wasp.
Your headbutt misses the spark wasp.
The spark wasp is moderately wounded.
You puncture the alligator!
You feel better.
You feel sick.
The spark wasp stings you but does no damage.
The alligator misses you. The alligator tail-slaps you.
The spark wasp closely misses you.
You hit the spark wasp but do no damage.
Your headbutt misses the spark wasp.
The spark wasp is moderately wounded.
You hit the alligator.
The alligator seems to slow down.
You freeze the alligator. The spark wasp closely misses you.
The alligator bites you but does no damage.
The alligator closely misses you.
Really quaff
A - 4 potions of haste {@q4 !q}?
You feel yourself speed up.
You feel sick. Xom smiles on you.
Your +2 trident of chaos looks sharp.
The spark wasp stings you!
* * * LOW HITPOINT WARNING * * *
The spark wasp shocks you!
* * * LOW HITPOINT WARNING * * *
You focus on the pain.
You feel more agile all of a sudden.
The spark wasp stings you but does no damage.
The alligator bites you!
You die...
Xom titters!

##..≈≈................##
#...≈≈................#
#.≈.≈≈.≈≈............##
...≈≈..≈≈..........P.#
...≈≈≈††.......##....#
....≈≈.........###..##
#....≈..≈......P....P#
#.≈≈≈≈≈..............#
#≈..≈≈..≈t@..........#
##.≈≈≈..(.y..........##
≈≈≈≈...............#
≈≈..............##
≈≈..............#
≈≈.............##
....... .......


You could see an alligator and a spark wasp.

Vanquished Creatures
  Kirke (Lair:3)
  A dire elephant (Lair:6)
  2 hydras (Lair:5)
  An alligator (Lair:5)
  A centaur warrior (D:10)
  A catoblepas (Lair:6)
  5 two-headed ogres
  6 death yaks (Lair:6)
  A glowing orange brain (shapeshifter) (Lair:4)
  A swamp dragon (Lair:5)
  A necromancer (Lair:5)
  An ugly thing (D:10)
  3 oklob plants (Lair:5)
  A deep elf mage (D:10)
  A wolf spider (D:10)
  4 elephants (Lair:5)
  3 black mambas
  A torpor snail (Lair:6)
  12 cane toads
  A rime drake (Lair:2)
  An efreet (D:10)
  A demonic crawler (Lair:1)
  A redback zombie (D:9)
  4 komodo dragons
  A queen bee (Lair:6)
  2 polar bears (Lair:4)
  6 blink frogs
  Grinder (D:3)
  4 slime creatures (D:10)
  10 dream sheep
  9 hippogriffs
  A wraith (D:9)
  A shadow (D:10)
  A spriggan (D:7)
  Eustachio (D:4)
  2 basilisks
  31 yaks
  4 hogs (Lair:3)
  A basilisk (shapeshifter) (D:6)
  A steam dragon (D:7)
  Menkaure (D:7)
  A hungry ghost (D:4)
  An acid dragon (Lair:4)
  Duvessa (D:6)
  13 water moccasins
  11 porcupines
  3 ice beasts
  3 orc warriors
  2 sky beasts (D:7)
  A black bear (D:9)
  2 elephant zombies (Lair:5)
  2 phantoms (D:8)
  An eye of draining (D:5)
  2 necrophages (D:9)
  3 wolves (Lair:1)
  5 ogres
  5 centaurs
  3 big kobolds
  8 crocodiles
  Blork the orc (D:6)
  12 bullfrogs
  7 gnoll sergeants (Bailey)
  Dowan (D:6)
  3 scorpions
  A troll zombie (D:9)
  8 killer bees (D:10)
  20 wights
  7 electric eels
  A jelly (D:5)
  3 centaur zombies
  4 orc priests
  2 human zombies (D:9)
  6 gnoll shamans (Bailey)
  6 hounds
  11 orc wizards
  A basilisk zombie (Lair:5)
  A bullfrog skeleton (D:4)
  4 iguanas
  A human skeleton (D:9)
  13 worker ants
  2 crocodile zombies (Lair:5)
  2 mummies (D:9)
  A worker ant zombie (D:9)
  16 gnolls
  8 adders
  A shadow imp (D:6)
  An ooze (D:6)
  An adder zombie (D:9)
  2 adder skeletons (D:2)
  2 worms
  7 leopard geckos
  30 orcs
  2 giant cockroaches
  5 goblins
  2 hobgoblins
  8 jackals
  6 quokkas
  A ball python (D:3)
  6 bats
  3 frilled lizards
  A giant cockroach zombie (D:2)
  A jackal skeleton (D:2)
  33 kobolds
  3 rats
  A butterfly (Lair:3)
457 creatures vanquished.

Vanquished Creatures (collateral kills)
  A hydra (Lair:5)
  2 yaks
  A porcupine (Lair:4)
  A water moccasin (Lair:2)
  A phantom (D:5)
  An ogre (D:5)
  A centaur (D:5)
  A big kobold (D:5)
  A gnoll sergeant (Bailey)
  A crimson imp (D:4)
  A gnoll (Bailey)
  An adder (D:5)
  2 orcs (D:5)
  2 jackals (D:5)
  A kobold (D:5)
18 creatures vanquished.

Vanquished Creatures (others)
  A troll (D:6)
  2 blink frogs (Lair:5)
  3 yaks
  An orc (D:8)
  A fire vortex (D:6)
  5 fungi
  6 plants
19 creatures vanquished.

Grand Total: 494 creatures vanquished

Notes
Turn   | Place    | Note
-------+----------+-------------------------------------------
     0 | D:1      | MisterOstroum the Demonspawn Chaos Knight began the quest
                  | for the Orb.
     0 | D:1      | Reached XP level 1. HP: 18/18 MP: 1/1
   546 | D:1      | Gained mutation: You sometimes gain a little power by
                  | taking damage. [demonic ancestry]
   546 | D:1      | Reached XP level 2. HP: 24/24 MP: 2/2
   611 | D:1      | XOM: harmless Chrm miscast
   863 | D:2      | Found an ancient bone altar of Kikubaaqudgha.
   994 | D:2      | XOM: silly message
  1021 | D:2      | Reached XP level 3. HP: 29/29 MP: 3/3
  1068 | D:2      | XOM: silly message
  1215 | D:2      | XOM: harmless Necr miscast
  1230 | D:2      | Reached XP level 4. HP: 32/37 MP: 4/4
  1371 | D:2      | Gained mutation: You sometimes gain power by taking damage.
                  | [demonic ancestry]
  1371 | D:2      | Reached XP level 5. HP: 26/43 MP: 5/5
  1511 | D:2      | XOM: give mutations
  1511 | D:2      | Gained mutation: Scrolls take you a little longer to read.
                  | [Xom's mischief]
  1511 | D:2      | Gained mutation: Your magical capacity is low. (-10% MP)
                  | [Xom's mischief]
  1511 | D:2      | Gained mutation: You are clumsy. (Dex -2) [Xom's mischief]
  1511 | D:2      | Gained mutation: You are weak. (Str -2) [Xom's mischief]
  1695 | D:3      | XOM: 1-stop teleportation journey
  1796 | D:3      | XOM: confusion
  2070 | D:3      | Noticed Grinder
  2109 | D:3      | Killed Grinder
  2109 | D:3      | Reached skill level 5 in Fighting
  2109 | D:3      | Reached skill level 1 in Evocations
  2109 | D:3      | Reached XP level 6. HP: 17/51 MP: 4/6
  2496 | D:3      | XOM: mild Necr miscast
  2680 | D:3      | XOM: harmless Tmut miscast
  3045 | D:4      | Reached skill level 5 in Polearms
  3099 | D:4      | Gained mutation: You are partially covered in molten
                  | scales. (AC +2) [demonic ancestry]
  3099 | D:4      | Reached XP level 7. HP: 24/56 MP: 7/7
  3275 | D:4      | XOM: silly message
  3517 | D:4      | XOM: noise
  3816 | D:4      | Noticed Eustachio
  3829 | D:4      | Paralysed by something for 4 turns
  3855 | D:4      | Paralysed by something for 4 turns
  3871 | D:4      | XOM: scenery: create altars
  3873 | D:4      | Killed Eustachio
  3921 | D:4      | XOM: god gift: 65 gold pieces
  4055 | D:4      | Noticed a hungry ghost
  4060 | D:4      | XOM: divination: detect items
  4066 | D:4      | XOM: cast spell 'Ring of Flames'
  4067 | D:4      | Killed a hungry ghost
  4189 | D:4      | XOM: summons 3 friendly demons
  4337 | D:4      | XOM: god gift: hat {god gift}
  4471 | D:4      | XOM: give mutations
  4471 | D:4      | Gained mutation: Your system is resistant to poisons.
                  | (rPois) [Xom's grace]
  4471 | D:4      | Gained mutation: You are covered in fur. (AC +1) [Xom's
                  | grace]
  4471 | D:4      | Gained mutation: You have sharp toenails. [Xom's grace]
  4471 | D:4      | Gained mutation: Your spells are a little harder to cast,
                  | but a little more powerful. [Xom's grace]
  4485 | D:5      | Entered Level 5 of the Dungeon
  4493 | D:5      | XOM: summons 4 friendly demons
  4504 | D:5      | Gained mutation: You have a pair of small horns on your
                  | head. [demonic ancestry]
  4504 | D:5      | Reached XP level 8. HP: 59/62 MP: 9/9
  4632 | D:5      | Found a blossoming altar of Fedhas.
  4704 | D:5      | XOM: summons friendly orange demon
  4941 | D:5      | XOM: polymorph ogre -> crocodile
  4943 | D:5      | XOM: noise
  4985 | D:5      | XOM: chaos cloud
  4986 | D:5      | Paralysed by you for 4 turns
  5077 | D:5      | XOM: 2-stop teleportation journey
  5103 | D:5      | XOM: give mutations
  5103 | D:5      | Lost mutation: Your spells are a little harder to cast, but
                  | a little more powerful. [Xom's mischief]
  5103 | D:5      | Gained mutation: You are very clumsy. (Dex -4) [Xom's
                  | mischief]
  5103 | D:5      | Gained mutation: You are dopey. (Int -2) [Xom's mischief]
  5290 | D:5      | XOM: summons 1 hostile shadow creature
  5349 | D:5      | Reached skill level 5 in Evocations
  5349 | D:5      | XOM: repel stairs
  5457 | D:5      | Found an ornate altar of the Wu Jian Council.
  5457 | D:5      | Found a radiant altar of Vehumet.
  5462 | D:5      | Found a sacrificial altar of Ru.
  5464 | D:5      | Found a faded altar of an unknown god.
  5465 | D:5      | Found a hazy altar of Hepliaklqana.
  5657 | D:6      | Noticed a troll
  5664 | D:6      | XOM: mild Fire miscast
  5673 | D:6      | XOM: harmless Conj miscast
  5684 | D:6      | XOM: 1-stop teleportation journey
  5691 | D:6      | Found a burning altar of Makhleb.
  5693 | D:6      | Found a glowing silver altar of Zin.
  5694 | D:6      | Noticed a balrug
  5694 | D:6      | Noticed an angel
  5715 | D:6      | XOM: enchant monster (good)
  5723 | D:6      | XOM: stat loss: -1 Str (11/12)
  5742 | D:6      | XOM: give mutation
  5742 | D:6      | Lost mutation: You are weak. (Str -2) [Xom's mischief]
  5845 | D:6      | XOM: harmless Necr miscast
  5922 | D:6      | XOM: polymorph sky beast -> basilisk
  5933 | D:6      | XOM: fake destruction
  5945 | D:6      | Gained mutation: You have a pair of horns on your head.
                  | [demonic ancestry]
  5945 | D:6      | Reached XP level 9. HP: 57/68 MP: 11/11
  6013 | D:6      | Noticed Dowan
  6013 | D:6      | Noticed Duvessa
  6022 | D:6      | Killed Duvessa
  6025 | D:6      | Killed Dowan
  6062 | D:6      | Noticed Blork the orc
  6083 | D:6      | Killed Blork the orc
  6322 | D:6      | XOM: give mutations
  6322 | D:6      | Gained mutation: Your flesh is heat resistant. (rF+) [Xom's
                  | grace]
  6322 | D:6      | Lost mutation: Your magical capacity is low. (-10% MP)
                  | [Xom's grace]
  6371 | D:6      | XOM: harmless Summ miscast
  6488 | D:6      | XOM: summons friendly quasit
  6531 | D:6      | XOM: cast spell 'Cause Fear'
  6538 | D:6      | Killed a troll
  6538 | D:6      | Reached skill level 10 in Polearms
  6538 | D:6      | XOM: divine lightning
  6742 | D:7      | Noticed Menkaure
  6744 | D:7      | XOM: divination: detect creatures
  6753 | D:7      | Killed Menkaure
  6762 | D:7      | XOM: 1-stop teleportation journey
  6816 | D:7      | Found a staircase to the Lair.
  6816 | D:7      | XOM: 4-stop teleportation journey
  6936 | D:7      | Found a staircase to the Ecumenical Temple.
  6961 | D:7      | XOM: give mutations
  6961 | D:7      | Gained mutation: You are somewhat resistant to further
                  | mutation. [Xom's grace]
  6961 | D:7      | Gained mutation: Your skin changes colour to match your
                  | surroundings (Stealth+). [Xom's grace]
  6961 | D:7      | Gained mutation: You passively map a small area around you.
                  | [Xom's grace]
  6961 | D:7      | Gained mutation: You have a pair of large horns on your
                  | head. [Xom's grace]
  7259 | D:7      | Noticed Joseph
  7377 | D:7      | XOM: divine lightning
  7471 | D:7      | Reached skill level 1 in Throwing
  7567 | D:7      | XOM: god gift: scale mail {god gift}
  7896 | D:7      | XOM: give mutations
  7896 | D:7      | Gained mutation: Your flesh is cold resistant. (rC+) [Xom's
                  | grace]
  7896 | D:7      | Gained mutation: You can translocate small distances at
                  | will. [Xom's grace]
  7997 | D:7      | Reached XP level 10. HP: 65/76 MP: 13/13
  8011 | D:7      | XOM: divination: detect creatures
  8100 | D:7      | XOM: cloud trail
  8297 | Lair:1   | Entered Level 1 of the Lair of Beasts
  8317 | Lair:1   | XOM: enchant monster (good)
  8323 | Lair:1   | XOM: scenery: create altars
  8434 | Lair:1   | XOM: 1-stop teleportation journey
  8606 | Lair:1   | XOM: god gift: 1540 gold pieces
  8613 | Lair:1   | XOM: cleaving
  8617 | Lair:1   | XOM: confuse monster(s)
  8784 | Lair:1   | XOM: god gift: scroll of teleportation
  8819 | Lair:1   | XOM: 6-stop teleportation journey
  9061 | Lair:1   | Got a smoking chain mail
  9082 | Lair:1   | XOM: scenery: create altars
  9132 | Lair:1   | Noticed a cane toad
  9151 | Lair:1   | Killed a cane toad
  9474 | Lair:1   | XOM: give mutations
  9474 | Lair:1   | Gained mutation: Your flesh is very cold resistant. (rC++)
                  | [Xom's grace]
  9474 | Lair:1   | Gained mutation: You expend magic power (3 MP) to
                  | strengthen your wands. [Xom's grace]
  9523 | Lair:2   | XOM: divination: detect creatures
  9541 | Lair:1   | XOM: cleaving
  9562 | Lair:1   | XOM: cleaving
  9624 | Lair:2   | XOM: summons friendly crimson imp
  9757 | Lair:1   | XOM: give mutation
  9757 | Lair:1   | Lost mutation: You are very clumsy. (Dex -4) [Xom's grace]
  9776 | Lair:1   | XOM: mild Pois miscast
  9946 | Lair:2   | XOM: enchant monster (good)
 10132 | Lair:1   | XOM: mild Hex miscast
 10285 | D:8      | XOM: stealth player
 10371 | D:7      | Identified the +7 chain mail of the Catfish {MP+9 Str+2
                  | Int+4} (You found it on level 1 of the Lair of Beasts)
 10392 | D:7      | XOM: give mutation
 10392 | D:7      | Lost mutation: You are clumsy. (Dex -2) [Xom's mischief]
 10490 | D:8      | XOM: chaos cloud
 10502 | D:8      | XOM: swap monsters
 10558 | D:8      | Noticed a two-headed ogre
 10571 | D:8      | XOM: destruction
 10572 | D:8      | Killed a two-headed ogre
 10572 | D:8      | Gained mutation: You are slightly more attuned to the
                  | shadows. [demonic ancestry]
 10572 | D:8      | Reached XP level 11. HP: 86/86 MP: 15/15
 10643 | D:8      | XOM: summons 5 hostile demons
 10695 | D:8      | Found a corrupted altar of Lugonu.
 10746 | D:8      | XOM: potion effect (haste)
 10836 | D:8      | XOM: harmless Erth miscast
 11055 | D:8      | Reached skill level 5 in Armour
 11123 | D:8      | Found a shimmering altar of Xom.
 11283 | D:8      | XOM: harmless Conj miscast
 11319 | D:9      | Found a flagged portal.
 11348 | Bailey   | Entered a bailey
 11704 | Bailey   | XOM: mild Summ miscast
 11800 | Bailey   | XOM: summons 10 friendly demons
 12237 | Bailey   | XOM: give mutations
 12237 | Bailey   | Lost mutation: Scrolls take you a little longer to read.
                  | [Xom's mischief]
 12237 | Bailey   | Lost mutation: You are dopey. (Int -2) [Xom's mischief]
 12237 | Bailey   | Lost mutation: You expend magic power (3 MP) to strengthen
                  | your wands. [Xom's mischief]
 12237 | Bailey   | Lost mutation: Your flesh is very cold resistant. (rC++)
                  | [Xom's mischief]
 12448 | D:9      | Noticed a two-headed ogre
 12464 | D:9      | Killed a two-headed ogre
 12550 | D:9      | Found a basalt altar of Yredelemnul.
 12847 | D:9      | XOM: noise
 13055 | D:9      | XOM: harmless Chrm miscast
 13149 | D:9      | XOM: cast spell 'Disjunction'
 13178 | D:9      | XOM: medium Fire miscast
 13328 | D:9      | Noticed a two-headed ogre
 13345 | D:9      | Killed a two-headed ogre
 13477 | D:9      | XOM is BORED!
 13555 | D:10     | Entered Level 10 of the Dungeon
 13582 | D:10     | Noticed a two-headed ogre
 13593 | D:10     | Killed a two-headed ogre
 13593 | D:10     | Reached skill level 10 in Fighting
 13609 | D:10     | Noticed a deep elf mage
 13626 | D:10     | Killed a deep elf mage
 13686 | D:10     | XOM: summons friendly shadow imp
 13688 | D:10     | XOM: 7-stop teleportation journey
 13699 | D:10     | XOM: harmless Conj miscast
 13702 | D:10     | XOM: swap monsters
 13712 | D:10     | XOM: polymorph shadow imp -> ufetubus
 13717 | D:10     | XOM: enchant monster (bad)
 13733 | D:10     | XOM: medium Fire miscast
 13734 | D:10     | XOM: mild Summ miscast
 13738 | D:10     | Reached skill level 5 in Throwing
 13738 | D:10     | Gained mutation: You are significantly more attuned to the
                  | shadows. [demonic ancestry]
 13738 | D:10     | Reached XP level 12. HP: 60/97 MP: 16/16
 13879 | D:10     | Noticed a centaur warrior
 13887 | D:10     | Noticed a two-headed ogre
 13887 | D:10     | a centaur warrior changed into a two-headed ogre
 13887 | D:10     | XOM: polymorph centaur warrior -> two-headed ogre
 13891 | D:10     | Killed a two-headed ogre
 13896 | D:10     | XOM: summons 3 hostile shadow creatures
 13909 | D:10     | XOM: summons 2 hostile shadow creatures
 13922 | D:10     | XOM: enchant monster (bad)
 13923 | D:10     | XOM: noise
 14201 | D:10     | Noticed a centaur warrior
 14208 | D:10     | Killed a centaur warrior
 14315 | D:10     | XOM: give mutation
 14315 | D:10     | Gained mutation: Your mind is acute. (Int +2) [Xom's grace]
 14318 | D:10     | XOM: 3-stop teleportation journey
 14687 | D:10     | XOM: enchant monster (good)
 14703 | D:10     | XOM: cast spell 'Cause Fear'
 14704 | D:10     | XOM: cast spell 'Summon Scorpions'
 14707 | D:10     | XOM: cast spell 'Cause Fear'
 14882 | D:9      | XOM: cloud trail
 15072 | D:10     | Noticed an ettin
 15072 | D:10     | a slime creature changed into an ettin
 15072 | D:10     | XOM: polymorph slime creature -> ettin
 15074 | D:10     | XOM: enchant monster (good)
 15094 | D:10     | XOM: cleaving
 15097 | D:10     | XOM: 4-stop teleportation journey
 15452 | D:10     | XOM: fog
 15579 | D:10     | XOM: harmless Pois miscast
 15856 | D:10     | XOM: harmless Tloc miscast
 15925 | D:7      | XOM: draining
 16014 | Lair:2   | Found a hole to the Spider Nest.
 16023 | Lair:2   | XOM is BORED!
 16023 | Lair:2   | XOM: 2-stop teleportation journey
 16125 | Lair:2   | XOM: harmless Summ miscast
 16348 | Lair:2   | XOM: give mutations
 16348 | Lair:2   | Gained mutation: Armour fits poorly on your strangely
                  | shaped body. [Xom's mischief]
 16348 | Lair:2   | Lost mutation: Your flesh is cold resistant. (rC+) [Xom's
                  | mischief]
 16348 | Lair:2   | Lost mutation: Your mind is acute. (Int +2) [Xom's
                  | mischief]
 16349 | Lair:2   | XOM: harmless Necr miscast
 16485 | Lair:2   | XOM is BORED!
 16485 | Lair:2   | XOM: medium Air miscast
 16732 | Lair:2   | Found a staircase to the Shoals.
 16877 | Lair:2   | Identified the Compendium of Battle Magic
 17699 | Lair:3   | XOM: divination: magic mapping
 17844 | Lair:3   | XOM: summons 10 friendly demons
 18087 | Lair:3   | Noticed Kirke
 18103 | Lair:3   | Killed Kirke
 18537 | Lair:3   | XOM: medium Fire miscast
 18672 | Lair:3   | XOM: give mutations
 18672 | Lair:3   | Gained mutation: Your muscles are strong. (Str +2) [Xom's
                  | grace]
 18672 | Lair:3   | Gained mutation: You are robust. (+10% HP) [Xom's grace]
 18675 | Lair:3   | XOM: god gift: morningstar {god gift}
 18736 | Lair:3   | XOM: give mutations
 18736 | Lair:3   | Gained mutation: Your mind is acute. (Int +2) [Xom's grace]
 18736 | Lair:3   | Gained mutation: You have sharp fingernails. [Xom's grace]
 18736 | Lair:3   | Gained mutation: You have razor-sharp toenails. [Xom's
                  | grace]
 18736 | Lair:3   | Gained mutation: Your flesh is cold resistant. (rC+) [Xom's
                  | grace]
 18775 | Lair:3   | XOM: god gift: potion of resistance
 19195 | Lair:4   | XOM: confusion
 19376 | Lair:4   | XOM: cast spell 'Monstrous Menagerie'
 19381 | Lair:4   | Gained mutation: You are mostly covered in molten scales.
                  | (AC +3) [demonic ancestry]
 19381 | Lair:4   | Reached XP level 13. HP: 116/116 MP: 18/18
 19411 | Lair:4   | XOM: torment (59/116 hp)
 19535 | Lair:4   | XOM: summons 6 hostile demons
 20064 | Lair:4   | XOM: 1-stop teleportation journey
 20141 | Lair:4   | XOM: polymorph komodo dragon -> cyclops
 20236 | Lair:4   | XOM: harmless Necr miscast
 20478 | Lair:4   | XOM: divination: magic mapping
 20821 | Lair:4   | XOM: noise
 20949 | Lair:5   | XOM: polymorph elephant -> swamp dragon
 20951 | Lair:5   | XOM: fog
 21000 | Lair:5   | XOM: 2-stop teleportation journey
 21175 | Lair:4   | XOM: god gift: book of Alchemy
 21322 | Lair:5   | XOM: divination: detect creatures
 21334 | Lair:5   | XOM: summons friendly ufetubus
 21335 | Lair:5   | XOM: destruction
 21436 | Lair:5   | XOM: give mutations
 21436 | Lair:5   | Lost mutation: Your muscles are strong. (Str +2) [Xom's
                  | mischief]
 21436 | Lair:5   | Lost mutation: Your mind is acute. (Int +2) [Xom's
                  | mischief]
 21436 | Lair:5   | Lost mutation: Your system is resistant to poisons. (rPois)
                  | [Xom's mischief]
 21436 | Lair:5   | Lost mutation: You have a pair of large horns on your head.
                  | [Xom's mischief]
 21451 | Lair:5   | XOM: scenery: create altars
 21668 | Lair:5   | XOM: confuse monster(s)
 21679 | Lair:5   | XOM: cast spell 'Statue Form'
 21981 | Lair:5   | XOM: divination: detect items
 21981 | Lair:5   | XOM: smoke on damage
 22527 | Lair:5   | XOM: noise
 22547 | Lair:5   | XOM: summons 11 friendly demons
 22591 | Lair:5   | XOM: divination: detect items
 22713 | Lair:5   | XOM: 3-stop teleportation journey
 22718 | Lair:5   | XOM: potion effect (heal wounds)
 22760 | Lair:5   | XOM: god gift: scroll of teleportation
 22905 | Lair:5   | XOM: swap monsters
 23017 | Lair:5   | XOM is BORED!
 23017 | Lair:5   | XOM: give mutation
 23017 | Lair:5   | Lost mutation: Armour fits poorly on your strangely shaped
                  | body. [Xom's mischief]
 23293 | Lair:5   | Found a viscous altar of Jiyva.
 23293 | Lair:5   | Found a staircase to the Slime Pits.
 23409 | Lair:5   | XOM: silly message
 23831 | Lair:5   | XOM: give mutations
 23831 | Lair:5   | Gained mutation: Armour fits poorly on your strangely
                  | shaped body. [Xom's mischief]
 23831 | Lair:5   | Lost mutation: You are robust. (+10% HP) [Xom's mischief]
 23831 | Lair:5   | Lost mutation: You passively map a small area around you.
                  | [Xom's mischief]
 23831 | Lair:5   | Lost mutation: You are somewhat resistant to further
                  | mutation. [Xom's mischief]
 24095 | Lair:5   | Gained mutation: Your body sometimes deteriorates upon
                  | taking damage. [you]
 24335 | Lair:5   | XOM: cast spell 'Summon Ice Beast'
 24629 | Lair:5   | XOM is BORED!
 24629 | Lair:5   | XOM: give mutations
 24629 | Lair:5   | Lost mutation: Armour fits poorly on your strangely shaped
                  | body. [Xom's mischief]
 24629 | Lair:5   | Lost mutation: You have sharp fingernails. [Xom's mischief]
 24629 | Lair:5   | Gained mutation: Armour fits poorly on your strangely
                  | shaped body. [Xom's mischief]
 24760 | Lair:6   | Entered Level 6 of the Lair of Beasts
 24768 | Lair:6   | XOM: harmless Chrm miscast
 24797 | Lair:6   | XOM: enchant monster (good)
 24812 | Lair:6   | XOM: stat loss: -1 Str (17/19)
 24819 | Lair:6   | XOM: fog
 24822 | Lair:6   | Noticed a dire elephant
 24822 | Lair:6   | a death yak changed into a dire elephant
 24822 | Lair:6   | XOM: polymorph death yak -> dire elephant
 24835 | Lair:6   | XOM: summons 8 friendly demons
 24836 | Lair:6   | XOM: summons 13 friendly demons
 24837 | Lair:6   | XOM: polymorph five-headed hydra -> queen ant
 24847 | Lair:6   | XOM: scenery: create altars
 24859 | Lair:6   | XOM: destruction
 25077 | Lair:6   | XOM: summons 2 hostile demons
 25516 | Lair:6   | XOM: 2-stop teleportation journey
 25703 | Lair:6   | Killed a dire elephant
 25710 | Lair:6   | XOM: confuse monster(s)
 25754 | Lair:6   | XOM: summons friendly quasit
 25761 | Lair:6   | XOM: confuse monster(s)
 25762 | Lair:6   | XOM: summons 10 friendly demons
 25913 | Lair:6   | XOM: god gift: glowing trident {god gift}
 25940 | Lair:6   | XOM: fog
 25947 | Lair:6   | Reached XP level 14. HP: 83/118 MP: 21/21
 25950 | Lair:6   | XOM: potion effect (curing)
 25953 | Lair:6   | XOM: cleaving
 25964 | Lair:6   | XOM: summons 4 friendly demons
 25989 | Lair:6   | XOM: polymorph alligator -> spark wasp
 25994 | Lair:6   | XOM: cleaving
 25994 | Lair:6   | Slain by an alligator

Skill      XL: |  1  2  3  4  5  6  7  8  9 10 11 12 13 |
---------------+----------------------------------------+-----
Polearms       | 3 4 5 6 9 10 11 12 13 | 13.1
Armour         | 2 3 4 5 7 8 |  8.6
Fighting       | 4 5 6 8 10 11 13 | 13.2
Evocations     | 1 2 3 5 6 7 9 |  9.4
Throwing       | 1 3 5 6 8 |  8.3
Dodging        | |  0.8

Action                   |  1- 3 |  4- 6 |  7- 9 | 10-12 | 13-15 || total
-------------------------+-------+-------+-------+-------+-------++-------
Melee: Spear             |   119 |   175 |   424 |  1154 |   670 ||  2542
       Trident           |       |       |    99 |   114 |    44 ||   257
       Kick              |       |       |    77 |     6 |     3 ||    86
       Headbutt          |       |       |    52 |   207 |   174 ||   433
       Scimitar          |       |       |       |     8 |       ||     8
       Scythe            |       |       |       |    47 |       ||    47
       Halberd           |       |       |       |    11 |       ||    11
Throw: Stone             |     2 |    25 |    78 |    63 |    13 ||   181
       Tomahawk          |       |       |    34 |   137 |   103 ||   274
       Javelin           |       |       |       |    36 |    13 ||    49
       Throwing net      |       |       |       |     8 |     1 ||     9
 Abil: Blink             |       |       |       |     6 |    15 ||    21
Evoke: Wand              |       |    10 |     3 |     4 |    23 ||    40
       Box of beasts     |       |       |       |     1 |     1 ||     2
       Phial of floods   |       |       |       |       |     1 ||     1
  Use: Potion            |       |     5 |     2 |     3 |     8 ||    18
       Scroll            |       |       |     5 |    16 |     4 ||    25
 Stab: Petrified         |       |     4 |       |     9 |     9 ||    22
       Distracted        |       |     1 |       |     1 |     1 ||     3
       Confused          |       |     1 |       |     5 |    10 ||    16
       Paralysed         |       |       |     5 |    13 |       ||    18
       Petrifying        |       |       |     5 |     4 |     2 ||    11
       Sleeping          |       |       |     1 |     2 |       ||     3
       Held in net/web   |       |       |       |     6 |       ||     6
       Fleeing           |       |       |       |     1 |       ||     1
  Eat: Chunk             |     1 |     6 |    17 |    26 |     6 ||    56
       Ration            |       |       |       |     3 |     5 ||     8
Armor: Chain mail        |    11 |       |    29 |   613 |   290 ||   943
       Leather armour    |    30 |    51 |   116 |       |       ||   197
       Skin              |       |       |       |       |     9 ||     9
Dodge: Dodged            |    30 |    54 |   119 |   274 |   152 ||   629
